 Dungeon Crawl Stone Soup version 0.20.1-1-g8b1a95d (webtiles) character file.

577 asishallab the Chopper (level 7, -7/52 HPs)
             Began as a Formicid Fighter on Dec 28, 2017.
             Was an Initiate of Cheibriados.
             Mangled by a manticore (9 damage)
             ... on level 5 of the Dungeon.
             The game lasted 00:11:56 (3581 turns).

asishallab the Chopper (Formicid Fighter)           Turns: 3581, Time: 00:11:58

Health: -7/52      AC:  9    Str: 20 (21) XL:     7   Next: 62%
Magic:  6/7        EV: 11    Int:  8 (9)  God:    Cheibriados [......]
Gold:   257        SH: 11    Dex: 22      Spells: 6/6 levels left

rFire    + . .     SeeInvis +   a - +0 war axe
rCold    + . .     Gourm    .   c - +0 shield
rNeg     . . .     Faith    .   e - +0 chain mail
rPois    +         Spirit   .   (helmet unavailable)
rElec    +         Reflect  .   (no cloak)
rCorr    +         Harm     .   (no gloves)
MR       .....                  (no boots)
Stlth    ..........             (no amulet)
Regen    0.2/turn               m - ring of wizardry
MPRegen  0.1/turn               t - +4 ring of dexterity

@: agile, resistant, very slow
A: permanent stasis, dig shafts and tunnels, four strong arms, antennae 3,
mutation resistance 1, wild magic 1
a: Dig, Shaft Self, Bend Time, Renounce Religion


You were on level 5 of the Dungeon.
You worshipped Cheibriados.
Cheibriados was noncommittal.
You were hungry.

You visited 1 branch of the dungeon, and saw 5 of its levels.

You collected 257 gold pieces.

Inventory:

Hand Weapons
 a - a +0 war axe (weapon)
 d - a +0 flail
 k - a +0 hunting sling
 v - a +0 hand axe of freezing
Missiles
 b - 116 stones
 p - 30 sling bullets
 w - 3 tomahawks (quivered)
Armour
 c - a +0 shield (worn)
 e - a +0 chain mail (worn)
Jewellery
 m - a ring of wizardry (left hand)
 t - a +4 ring of dexterity (right hand)
Wands
 q - a wand of lightning (3/15)
 x - a wand of disintegration (7/24)
Scrolls
 h - 4 scrolls of identify
 i - 6 scrolls of remove curse
 j - a scroll of amnesia
Potions
 s - a potion of flight
Books
 y - a book of Frost

   Spells                             Type                      Level
   a - Freeze                         Ice                          1
   b - Throw Frost                    Conjuration/Ice              2
   c - Ozocubu's Armour               Charms/Ice                   3
   d - Throw Icicle                   Conjuration/Ice              4
   e - Summon Ice Beast               Ice/Summoning                4
Comestibles
 f - 5 bread rations
 g - 6 chunks of flesh
 l - 2 royal jellies
 z - a meat ration


   Skills:
 - Level 3.2 Fighting
 * Level 6.6 Axes
 - Level 3.2 Armour
 + Level 6.1 Shields


You had 6 spell levels left.
You didn't know any spells.

Dungeon Overview and Level Annotations

Branches:
Dungeon (5/15)
 Temple: D:4-7

Altars:
Cheibriados
Dithmenos
Kikubaaqudgha
Trog
Uskayaw

Annotations:
D:5 1 transporter


Innate Abilities, Weirdness & Mutations

You cannot be hasted, slowed, berserked, paralysed or teleported.
You can dig through walls and to a lower floor.
Your four strong arms can wield two-handed weapons with a shield.
You have a pair of large antennae on your head. (SInv)
You are somewhat resistant to further mutation.
Your spells are a little harder to cast, but a little more powerful.


Message History

The gnoll hits you from afar with a halberd.
You feel agile all of a sudden. The manticore bites you!!
* * * LOW HITPOINT WARNING * * *
You block the manticore's attack. The manticore claws you.
* * * LOW HITPOINT WARNING * * *
You feel extremely strange.
You feel slightly disoriented.
You feel more energetic.
You feel weaker.
You feel less in control of your magic.
You feel genetically stable. You block the gnoll's attack.
The manticore bites you but does no damage.
You block the manticore's attack. The manticore misses you.
Are you sure you want to shaft yourself?
You are feeling hungry.
You block the gnoll's attack. The manticore bites you.
* * * LOW HITPOINT WARNING * * *
The manticore barely misses you. The manticore closely misses you.
You begin to dig a shaft.
You continue digging a shaft.
You block the gnoll's attack. The manticore bites you!
You die...

....#...(...........## #.....#
..?.'(((.............####.....#
....#.(.......................#
....##'####....#########......#
..........#...##8$._.$8##.....#
..........#...#..$$$($..#.....#
..........#...#.##...##.#.....#
....##....#...#.##Y..##.#.....#
....##....#...#©@Hg.....#.....#
.....#....#...#.##o..##.#.....#
.....#....#...#.##...##.#.....#
.... ....#...#.........#.....#
#...##8.....8##.....#
#....#########......# ,, * ,,
#........©..........# ,
##+###...................# ,
#....#...................#


You could see a manticore, a sky beast (invisible), an orc wizard (invisible)
and a gnoll.

Vanquished Creatures
  An ogre (D:4)
  A centaur (D:5)
  An orc priest (D:4)
  Terence (D:2)
  An iguana (D:4)
  2 worker ants
  A hound skeleton (D:4)
  Robin (D:2)
  9 adders
  3 oozes
  An adder zombie (D:5)
  2 worms
  2 dart slugs (D:1)
  A leopard gecko (D:4)
  19 orcs
  8 bats
  3 giant cockroaches
  31 goblins
  19 hobgoblins
  11 jackals
  A quokka (D:2)
  A ball python (D:1)
  3 frilled lizards
  A jackal skeleton (D:4)
  7 kobolds
  10 rats
141 creatures vanquished.

Notes
Turn   | Place    | Note
-------+----------+-------------------------------------------
     0 | D:1      | asishallab the Formicid Fighter began the quest for the Orb.
     0 | D:1      | Reached XP level 1. HP: 18/18 MP: 1/1
    31 | D:1      | Reached XP level 2. HP: 21/24 MP: 2/2
   286 | D:1      | Reached XP level 3. HP: 29/29 MP: 3/3
   757 | D:2      | Noticed Terence
   777 | D:2      | Killed Terence
   777 | D:2      | Reached XP level 4. HP: 30/35 MP: 4/4
  1032 | D:2      | Reached XP level 5. HP: 41/41 MP: 5/5
  1159 | D:2      | Noticed Robin
  1175 | D:2      | Killed Robin
  1706 | D:3      | Reached skill level 5 in Shields
  1719 | D:3      | Reached XP level 6. HP: 44/47 MP: 6/6
  1736 | D:3      | Reached skill level 5 in Axes
  2754 | D:4      | Found a shadowy altar of Dithmenos.
  2755 | D:4      | Found a snail-covered altar of Cheibriados.
  2759 | D:4      | Found an ancient bone altar of Kikubaaqudgha.
  2763 | D:4      | Became a worshipper of Cheibriados the Contemplative
  2764 | D:4      | Found a bloodstained altar of Trog.
  2824 | D:4      | Noticed an ogre
  2833 | D:4      | HP: 1/47 [adder (2)]
  2838 | D:4      | Gained mutation: Your muscles are strong. (Str +2) [potion of mutation]
  2838 | D:4      | Gained mutation: Your magical capacity is low. (-10% MP) [potion of mutation]
  2838 | D:4      | Gained mutation: You passively map a small area around you. [potion of mutation]
  2844 | D:4      | Killed an ogre
  2844 | D:4      | Reached XP level 7. HP: 35/52 MP: 6/6
  3340 | D:5      | Entered Level 5 of the Dungeon
  3363 | D:5      | Noticed a manticore
  3363 | D:5      | Found a transporter.
  3536 | D:5      | Found a hide-covered altar of Uskayaw.
  3557 | D:5      | Found a transporter.
  3579 | D:5      | Lost mutation: You passively map a small area around you. [potion of mutation]
  3579 | D:5      | Lost mutation: Your magical capacity is low. (-10% MP) [potion of mutation]
  3579 | D:5      | Lost mutation: Your muscles are strong. (Str +2) [potion of mutation]
  3579 | D:5      | Gained mutation: Your spells are a little harder to cast, but a little more powerful. [potion of mutation]
  3579 | D:5      | Gained mutation: You are somewhat resistant to further mutation. [potion of mutation]
  3580 | D:5      | HP: 2/52 [manticore (6)]
  3581 | D:5      | Mangled by a manticore

Skill      XL: |  1  2  3  4  5  6  7 |
---------------+----------------------+-----
Shields        | 4 5 6 |  6.1
Axes           | 3 4 6 |  6.6
Fighting       | |  3.2
Armour         | |  3.2

Action                   |  1- 3 |  4- 6 |  7- 9 || total
-------------------------+-------+-------+-------++-------
Melee: War axe           |    92 |   327 |    41 ||   460
Throw: Stone             |     3 |    14 |       ||    17
       Tomahawk          |       |     4 |    10 ||    14
 Abil: Dig               |       |     3 |       ||     3
       Shaft Self        |       |       |     1 ||     1
  Use: Potion            |     1 |     7 |     4 ||    12
       Scroll            |       |     3 |       ||     3
 Stab: Invisible         |       |     1 |       ||     1
  Eat: Chunk             |       |     8 |     2 ||    10
Armor: Scale mail        |     5 |       |       ||     5
       Chain mail        |    52 |   167 |    26 ||   245
Dodge: Dodged            |    21 |    72 |    14 ||   107
Block: Shield            |    47 |   175 |    31 ||   253
